 Dungeon Crawl Stone Soup version 0.31-a0-868-g674d60d6f7 (webtiles) character file.

Game seed: 12213103584909192184

278 freelancePsychic the Sneak (level 6, -2/38 HPs)
             Began as a Gargoyle Brigand on Oct 11, 2023.
             Was a Believer of Lugonu.
             Engulfed by a steam dragon's steam (5 damage)
             ... on level 4 of the Dungeon.
             The game lasted 00:04:10 (2699 turns).

freelancePsychic the Sneak (Gargoyle Brigand)       Turns: 2699, Time: 00:04:11

Health: -2/38      AC: 13    Str: 17    XL:     6   Next: 26%
Magic:  8/8        EV: 11    Int: 11    God:    Lugonu [**....]
Gold:   131        SH:  5    Dex: 11    Spells: 5/5 levels left

rFire   . . .        r - +4 dagger (venom)
rCold   . . .        (no shield)
rNeg    + . .        t - +2 animal skin
rPois   ∞            s - +0 helmet
rElec   +            c - +0 cloak
rCorr   .            v - +2 pair of gloves
SInv    +            (no boots)
Will    +....        u - amulet of reflection
Stlth   +++          m - ring of see invisible
HPRegen 0.26/turn    (no ring)
MPRegen 0.11/turn

%: reflection
@: enlightened, flying
A: sickness immunity, AC +4, negative energy resistance 1, electricity
resistance, torment resistance 1, petrification resistance
a: Renounce Religion, Depart the Abyss, Banish


You were on level 4 of the Dungeon.
You worshipped Lugonu.
Lugonu was pleased with you.
You visited 1 branch of the dungeon, and saw 4 of its levels.

You collected 131 gold pieces.

Inventory:

Hand Weapons
 a - a +2 dagger
 l - a +0 dagger of speed
 n - a +0 hand axe
 r - a +4 dagger of venom (weapon)
Missiles
 d - 8 poisoned darts (quivered)
 e - 3 curare-tipped darts
Armour
 c - a +0 cloak (worn)
 k - an orb of mayhem
 s - a +0 helmet (worn)
 t - a +2 animal skin (worn)
 v - a +2 pair of gloves (worn)
Jewellery
 m - a ring of see invisible (left hand)
 u - an amulet of reflection (around neck)
Wands
 i - a wand of mindburst (14)
Scrolls
 f - 2 scrolls of amnesia
 h - 3 scrolls of teleportation {@r4}
 j - a scroll of fear
 p - a scroll of identify {@r1}
Potions
 b - a potion of heal wounds {unknown}
 g - 2 potions of lignification {unknown}
 o - 2 potions of enlightenment
 q - a potion of brilliance {unknown}
 w - a potion of curing {unknown}


   Skills:
 + Level 4.3 Fighting
 - Level 2.1 Short Blades
 + Level 2.4 Axes
 - Level 1.7 Throwing
 - Level 0.7 Dodging
 - Level 5.0 Stealth
 + Level 3.1 Invocations


You had 5 spell levels left.
You didn't know any spells.
Your spell library contained the following spells:

 Spells                   Type           Power      Damage    Failure   Level
 Inner Flame              Hex/Fire       0%         N/A       71%         3
 Flame Wave               Conj/Fire      0%         2d4       98%         4
 Sticky Flame             Conj/Fire      0%         2d3       98%         4


Dungeon Overview and Level Annotations

Branches:
Dungeon (4/15)
 Temple: D:4-7

Altars:
Wu Jian
Lugonu

Annotations:
D:4 2 transporters, exclusions: jackal and steam dragon


Innate Abilities, Weirdness & Mutations

You are immune to sickness and miasma.
Your stone body is resilient. (AC +4)
You are immune to poison.
You resist negative energy. (rN+)
You are resistant to electric shocks. (rElec)
You are resistant to unholy torment.
You are immune to petrification.


Message History

The phantom closely misses you.
You hit the phantom.
The phantom is almost destroyed.
The phantom hits you but does no damage.
You hit the phantom but do no damage.
The phantom is almost destroyed.
The phantom hits you but does no damage.
You closely miss the phantom.
The phantom is almost destroyed.
The steam dragon breathes steam at you. The ball of steam hits you!
The phantom closely misses you.
You are too injured to fight recklessly!
You are too injured to fight recklessly!
You are too injured to fight recklessly!
You are too injured to fight recklessly!
You are too injured to fight recklessly!
You are too injured to fight recklessly!
You are too injured to fight recklessly!
You are too injured to fight recklessly!
You are too injured to fight recklessly!
You are too injured to fight recklessly!
You are too injured to fight recklessly!
You are too injured to fight recklessly!
You are too injured to fight recklessly!
You are too injured to fight recklessly!
You are too injured to fight recklessly!
You are too injured to fight recklessly!
You are too injured to fight recklessly!
You are too injured to fight recklessly!
You are too injured to fight recklessly!
The steam dragon breathes steam at you. The ball of steam hits you!
* * * LOW HITPOINT WARNING * * *
You hear an angry hiss.
You hear a shout!
Okay, then.
It was a potion of enlightenment.
You feel very buoyant.
You fly up into the air.
You are engulfed in a cloud of scalding steam.
You die...

.......≈≈≈≈§≈§≈§.#..#
.......≈..§..§§..... #
.....§.§[≈§§§≈.≈.#...#
....(.≈.≈_.§§.≈..#?
.....≈.§≈≈§§.≈....
#..≈§...§..§.# . #
...##..≈≈≈§§§W§≈.#...#
............§§§§§§§D..
...##..##)..§@§§..##.....
#..# ##..§§§...........h
##..##....#.............
##.......####..........
#........## #.......#.
.###.........###.........
.............##.........#
..⌠.>.........#.........#
......)..................


You could see a phantom.

Vanquished Creatures
  A phantom (D:4)
  A sleepcap (D:3)
  Jessica (D:2)
  Natasha (D:3)
  An orc wizard (D:3)
  Robin (D:2)
  An adder (D:2)
  A worm (D:4)
  3 dart slugs
  2 orcs (D:3)
  6 bats
  6 endoplasms
  A giant cockroach (D:3)
  17 goblins
  9 hobgoblins
  2 quokkas
  5 ball pythons
  7 frilled lizards
  5 kobolds
  4 rats
75 creatures vanquished.

Notes
Turn   | Place    | Note
-------+----------+-------------------------------------------
     0 | D:1      | freelancePsychic the Gargoyle Brigand began the quest for
                  | the Orb.
     0 | D:1      | Reached XP level 1. HP: 12/12 MP: 1/1
   220 | D:1      | Reached XP level 2. HP: 14/18 MP: 2/2
   486 | D:1      | Reached skill level 5 in Stealth
   492 | D:1      | Reached XP level 3. HP: 19/22 MP: 3/3
   641 | D:1      | Found a faded altar of an unknown god.
   704 | D:1      | Prayed at the altar of an unknown god.
   704 | D:1      | Became a worshipper of Lugonu the Unformed
   704 | D:1      | Reached * piety under Lugonu
   951 | D:2      | Noticed Robin
  1048 | D:2      | Killed Robin
  1191 | D:2      | Reached skill level 1 in Invocations
  1191 | D:2      | Reached XP level 4. HP: 28/28 MP: 4/4
  1320 | D:2      | Noticed Jessica
  1330 | D:2      | Killed Jessica
  1331 | D:2      | Reached skill level 1 in Axes
  1785 | D:3      | Reached ** piety under Lugonu
  2062 | D:3      | Reached XP level 5. HP: 30/32 MP: 6/6
  2404 | D:4      | Noticed Natasha
  2478 | D:3      | Killed Natasha
  2601 | D:4      | Found a transporter.
  2602 | D:4      | Noticed a phantom
  2611 | D:4      | Killed a phantom
  2612 | D:4      | Reached XP level 6. HP: 38/38 MP: 6/8
  2659 | D:4      | Noticed a steam dragon
  2661 | D:4      | Found a transporter.
  2673 | D:4      | Found an ornate altar of the Wu Jian Council.
  2699 | D:4      | Engulfed by a steam dragon's steam

Illustrated notes

Levels and vault maps discovered:
D:1:      psy_arrival_terrarium, layout_loops_ring,
          shapermc_ecumenical_altar_pompeii
D:2:      layout_loops_ring, dreamdust_wishing_well, uniq_robin, uniq_jessica
D:3:      layout_rooms, uniq_crazy_yiuf_cottage
D:4:      layout_cave_pools, mainiacjoe_overflow_catwalk_spiral,
          minmay_temple_entry_junction, gammafunk_ghost_stat_death, uniq_natasha

Skill      XL: |  1  2  3  4  5 |
---------------+----------------+-----
Short Blades   | 2 |  2.1
Stealth        | 5 |  5.0
Fighting       | 3 4 |  4.3
Invocations    | 1 3 |  3.1
Axes           | 1 2 |  2.4
Throwing       | |  1.7
Dodging        | |  0.7

Action                     |  1- 3 |  4- 6 || total
---------------------------+-------+-------++-------
  Melee: Dagger            |   100 |   114 ||   214
         Hand axe          |    10 |       ||    10
         Punch             |     2 |     2 ||     4
  Throw: Dart              |     5 |     7 ||    12
  Evoke: Wand              |       |     1 ||     1
    Use: Scroll            |     1 |     6 ||     7
         Potion            |       |     1 ||     1
   Stab: Sleeping          |     8 |     4 ||    12
         Distracted        |       |     1 ||     1
 Armour: Robe              |    52 |       ||    52
         Animal skin       |     2 |    68 ||    70
  Dodge: Dodged            |    35 |    54 ||    89
  Block: Other             |       |    22 ||    22

Table legend: (Time is in decaauts)
 A = Elapsed time spent in this place.
 B = Non-inter-level travel time spent in this place.
 C = Inter-level travel time spent in this place.
 D = Time resting spent in this place.
 E = Time spent auto-exploring this place.
 F = Levels seen in this place.
 G = Mean time per level.
                   A        B        C        D        E       F      G
               +--------+--------+--------+--------+--------+-----+--------+
         Total |   2672 |   2587 |     85 |     57 |   1930 |   4 |  668.0 |
       Dungeon |   2672 |   2587 |     85 |     57 |   1930 |   4 |  668.0 |
               +--------+--------+--------+--------+--------+-----+--------+

Top non-repeatable levels by time:
     D:2: 885 daAuts
     D:1: 861 daAuts
     D:3: 758 daAuts
     D:4: 167 daAuts
